 Dungeon Crawl Stone Soup version 0.31-a0-187-gba352fbbf7 (webtiles) character file.

Game seed: 14321491495893484285

102 Moral the Shield-Bearer (level 4, -1/41 HPs)
             Began as a Gnoll Fighter on June 22, 2023.
             Succumbed to a water moccasin's poison
             ... on level 3 of the Dungeon.
             The game lasted 00:04:33 (2088 turns).

Moral the Shield-Bearer (Gnoll Fighter)             Turns: 2088, Time: 00:04:33

Health: -1/41      AC:  7    Str: 18    XL:     4   Next: 77%
Magic:  5/5        EV:  9    Int:  7    God:
Gold:   245        SH:  5    Dex: 11    Spells: 5/5 levels left

rFire   . . .        a - +0 war axe
rCold   . . .        c - +0 buckler
rNeg    . . .        b - +0 scale mail
rPois   .            (no helmet)
rElec   .            (no cloak)
rCorr   .            (no gloves)
SInv    .            (no boots)
Will    .....        (no amulet) Stlth
                     (no ring)
HPRegen 0.26/turn    (no ring)
MPRegen 0.09/turn

%: no passive effects
@: mighty, brilliant, lethally poisoned (-1 -> -11), about to teleport
A: fangs 1, strong nose, distributed training
a: no special abilities


You were on level 3 of the Dungeon.
You visited 1 branch of the dungeon, and saw 3 of its levels.

You collected 245 gold pieces.

Inventory:

Hand Weapons
 a - a +0 war axe (weapon)
Armour
 b - a +0 scale mail (worn)
 c - a +0 buckler (worn)
Jewellery
 f - a +6 ring of dexterity
Scrolls
 j - 4 scrolls of identify {unknown}
 l - a scroll of poison {unknown}
Potions
 h - a potion of attraction {unknown}
 i - a potion of berserk rage {unknown}


   Skills:
 + Level 6.6 Fighting
 + Level 1.3 Short Blades
 + Level 1.3 Long Blades
 + Level 4.7 Axes
 + Level 1.3 Maces & Flails
 + Level 1.3 Polearms
 + Level 1.3 Staves
 + Level 1.3 Ranged Weapons
 + Level 1.3 Throwing
 + Level 6.6 Armour
 + Level 1.3 Dodging
 + Level 1.3 Stealth
 + Level 6.6 Shields
 + Level 1.3 Unarmed Combat
 + Level 1.3 Spellcasting
 + Level 1.0 Conjurations
 + Level 1.0 Hexes
 + Level 1.0 Summonings
 + Level 1.0 Necromancy
 + Level 1.0 Translocations
 + Level 1.0 Transmutations
 + Level 1.0 Fire Magic
 + Level 1.0 Ice Magic
 + Level 1.0 Air Magic
 + Level 1.0 Earth Magic
 + Level 1.0 Poison Magic
 + Level 1.4 Invocations
 + Level 1.3 Evocations


You had 5 spell levels left.
You didn't know any spells.
Your spell library contained the following spells:

 Spells                   Type           Power      Damage    Failure   Level
 Kiss of Death            Conj/Necr      8%         2d6       67%         1
 Lesser Beckoning         Tloc           4%         N/A       80%         2
 Gell's Gravitas          Tloc           2%         N/A       95%         3
 Teleport Other           Tloc           2%         N/A       95%         3


Dungeon Overview and Level Annotations

Branches:
Dungeon (3/15)

Altars:
Gozag

Shops:
D:3 *

Annotations:
D:3 Terence


Innate Abilities, Weirdness & Mutations

You have very sharp teeth.
Your uncanny sense of smell can sniff out nearby items.
Your experience applies equally to all skills.


Message History

Terence hits you but does no damage.
The water moccasin bites you but does no damage.
Terence hits you from afar with a +0 trident of protection.
The water moccasin bites you.
As you read the scroll labelled LEHOTUHAAG, it crumbles to dust.
You hear a loud clanging noise!
It was a scroll of noise.
You feel very sick. The water moccasin misses you.
Terence hits you but does no damage.
Blink to where?
Press: ? - help, Dir - move target
As you read the scroll labelled ZIGGUN IFAREPE, it crumbles to dust.
It was a scroll of blinking.
You feel very sick.
You feel sick.
You feel sick.
You feel sick.
You feel sick.
You feel sick.
You feel sick.
You feel sick.
You feel sick.
You are no longer poisoned.
You feel very mighty all of a sudden. You block the water moccasin's attack.
You slice the water moccasin!!
The water moccasin is severely wounded.
The water moccasin bites you!
* * * LOW HITPOINT WARNING * * *
You are lethally poisoned!
The water moccasin poisons you!
The water moccasin completely misses you.
As you read the scroll labelled UHOZEH YRALEIM, it crumbles to dust.
You feel strangely unstable.
It was a scroll of teleportation.
* * * LOW HITPOINT WARNING * * *
You feel very sick.
The water moccasin bites you but does no damage.
It was a potion of brilliance.
You feel clever all of a sudden.
You die...

##########
#...S....#
#.######.# #.#
#@# #.# #.#
#######.## #.#
#........# #.#
#......S.#
#S##########.#
#........#
#.@.......##.#
#.......§#
#########.##.#
#######.#.......
#.##.#
#...@.....
#.##.#
..........
#.##.#
#..........
#.##.######
#..........
#.......... ...
.......
#..[..###÷# ###
######## #...#.#
#.#


You could see a water moccasin and Terence.

Vanquished Creatures
  3 adders
  A worm (D:2)
  3 dart slugs
  6 ball pythons
  11 bats
  5 endoplasms
  3 giant cockroaches
  6 goblins
  7 hobgoblins
  6 kobolds
  3 quokkas
  4 frilled lizards
  2 rats
60 creatures vanquished.

Notes
Turn   | Place    | Note
-------+----------+-------------------------------------------
     0 | D:1      | Moral the Gnoll Fighter began the quest for the Orb.
     0 | D:1      | Reached XP level 1. HP: 23/23 MP: 1/1
    79 | D:1      | Reached XP level 2. HP: 26/29 MP: 2/2
   384 | D:1      | Reached XP level 3. HP: 23/35 MP: 3/3
   454 | D:1      | Found a faded altar of an unknown god.
   463 | D:1      | Got Plato's Excursus on the Mausoleum
   660 | D:1      | Reached skill level 1 in Invocations
   919 | D:2      | Reached skill level 1 in Short Blades
   919 | D:2      | Reached skill level 1 in Long Blades
   919 | D:2      | Reached skill level 1 in Maces & Flails
   919 | D:2      | Reached skill level 1 in Polearms
   919 | D:2      | Reached skill level 1 in Staves
   919 | D:2      | Reached skill level 1 in Ranged Weapons
   919 | D:2      | Reached skill level 1 in Throwing
   919 | D:2      | Reached skill level 1 in Dodging
   919 | D:2      | Reached skill level 1 in Stealth
   919 | D:2      | Reached skill level 1 in Unarmed Combat
   919 | D:2      | Reached skill level 1 in Spellcasting
   919 | D:2      | Reached skill level 1 in Evocations
   938 | D:2      | Reached XP level 4. HP: 41/41 MP: 5/5
  1294 | D:2      | Reached skill level 1 in Conjurations
  1294 | D:2      | Reached skill level 1 in Hexes
  1294 | D:2      | Reached skill level 1 in Summonings
  1294 | D:2      | Reached skill level 1 in Necromancy
  1294 | D:2      | Reached skill level 1 in Translocations
  1294 | D:2      | Reached skill level 1 in Transmutations
  1294 | D:2      | Reached skill level 1 in Fire Magic
  1294 | D:2      | Reached skill level 1 in Ice Magic
  1294 | D:2      | Reached skill level 1 in Air Magic
  1294 | D:2      | Reached skill level 1 in Earth Magic
  1294 | D:2      | Reached skill level 1 in Poison Magic
  1630 | D:3      | Found an opulent altar of Gozag.
  1665 | D:3      | Found Gozag's Platinum Reserve.
  2064 | D:3      | Noticed a water moccasin
  2066 | D:3      | Noticed Terence
  2087 | D:3      | HP: 2/41 [poisoned by a water moccasin]
  2088 | D:3      | Succumbed to a water moccasin's poison

Illustrated notes

Levels and vault maps discovered:
D:1:      tarquinn_simple_flora_water_b, layout_basic,
          shapermc_ecumenical_altar_rom_forum
D:2:      layout_loops_ring, minmay_gold_behind_fungi
D:3:      layout_basic, nicolae_elyvilon_temple_path,
          nicolae_gozag_zags_fifth_avenue, cheibrodos_gnoll_hut, uniq_terence

Skill      XL: |  1  2  3  4 |
---------------+-------------+-----
Invocations    | 1 |  1.4
Short Blades   | 1 |  1.3
Long Blades    | 1 |  1.3
Maces & Flails | 1 |  1.3
Polearms       | 1 |  1.3
Staves         | 1 |  1.3
Ranged Weapons | 1 |  1.3
Throwing       | 1 |  1.3
Dodging        | 1 |  1.3
Stealth        | 1 |  1.3
Unarmed Combat | 1 |  1.3
Spellcasting   | 1 |  1.3
Evocations     | 1 |  1.3
Conjurations   | 1 |  1.0
Hexes          | 1 |  1.0
Summonings     | 1 |  1.0
Necromancy     | 1 |  1.0
Translocations | 1 |  1.0
Transmutations | 1 |  1.0
Fire Magic     | 1 |  1.0
Ice Magic      | 1 |  1.0
Air Magic      | 1 |  1.0
Earth Magic    | 1 |  1.0
Poison Magic   | 1 |  1.0
Fighting       | |  6.6
Axes           | |  4.7
Armour         | |  6.6
Shields        | |  6.6

Action                     |  1- 3 |  4- 6 || total
---------------------------+-------+-------++-------
  Melee: War axe           |    91 |    93 ||   184
         Bite              |     5 |     4 ||     9
    Use: Scroll            |       |     3 ||     3
         Potion            |       |     2 ||     2
 Armour: Scale mail        |    31 |    35 ||    66
  Dodge: Dodged            |    43 |    43 ||    86
  Block: Buckler           |    21 |    31 ||    52

Table legend: (Time is in decaauts)
 A = Elapsed time spent in this place.
 B = Non-inter-level travel time spent in this place.
 C = Inter-level travel time spent in this place.
 D = Time resting spent in this place.
 E = Time spent auto-exploring this place.
 F = Levels seen in this place.
 G = Mean time per level.
                   A        B        C        D        E       F      G
               +--------+--------+--------+--------+--------+-----+--------+
         Total |   2143 |   2105 |     38 |      0 |   1629 |   3 |  714.3 |
       Dungeon |   2143 |   2105 |     38 |      0 |   1629 |   3 |  714.3 |
               +--------+--------+--------+--------+--------+-----+--------+

Top non-repeatable levels by time:
     D:1: 937 daAuts
     D:2: 733 daAuts
     D:3: 472 daAuts
